 Dungeon Crawl Stone Soup version 0.28-a0-1206-g193881aaa2 (webtiles) character file.

Game seed: 16793729240652542726

97 leviel the Skirmisher (level 4, 0/41 HPs)
             Began as a Hill Orc Fighter on Dec 20, 2021.
             Succumbed to a water moccasin's poison
             ... on level 3 of the Dungeon.
             The game lasted 00:01:47 (1746 turns).

leviel the Skirmisher (Hill Orc Fighter)            Turns: 1746, Time: 00:01:48

Health: 0/41       AC:  8    Str: 26    XL:     4   Next: 68%
Magic:  4/4        EV: 10    Int:  8    God:
Gold:   68         SH:  4    Dex: 10    Spells: 3/3 levels left

rFire   . . .      SeeInvis .   a - +0 war axe
rCold   . . .      Faith    .   c - +0 buckler
rNeg    . . .      Spirit   .   b - +0 scale mail
rPois   .          Reflect  .   (no helmet)
rElec   .          Harm     .   p - +0 cloak
rCorr   .          Rampage  .   (no gloves)
Will    .....                   (no boots)
Stlth   ..........              (no amulet)
HPRegen 0.13/turn               g - +6 ring of strength
MPRegen 0.09/turn               (no ring)

@: mighty, lethally poisoned (0 -> -13), hasted, invisible, very quick
A: no striking features
a: no special abilities


You were on level 3 of the Dungeon.
You visited 1 branch of the dungeon, and saw 3 of its levels.

You collected 68 gold pieces.

Inventory:

Hand Weapons
 a - a +0 war axe (weapon)
Missiles
 j - 19 poisoned darts (quivered)
 l - 2 javelins
 n - 2 throwing nets
Armour
 b - a +0 scale mail (worn)
 c - a +0 buckler (worn)
 p - a +0 cloak (worn)
Jewellery
 g - a +6 ring of strength (left hand)
Wands
 m - a wand of polymorph (6)
Scrolls
 e - 3 scrolls of identify {unknown}
 f - a scroll of acquirement {unknown}
 h - a scroll of teleportation {unknown}
 i - a scroll of fog {unknown}
 q - a scroll of noise {unknown}


   Skills:
 + Level 4.3 Fighting
 + Level 3.7 Axes
 + Level 1.0 Throwing
 + Level 4.0 Armour
 + Level 4.0 Shields


You had 3 spell levels left.
You didn't know any spells.
Your spell library contained the following spells:

 Spells                   Type           Power      Damage    Failure   Level
 Ozocubu's Armour         Ice            0%         N/A       96%         3
 Metabolic Englaciation   Hex/Ice        0%         N/A       100%        5
 Simulacrum               Ice/Necr       0%         N/A       100%        6


Dungeon Overview and Level Annotations

Branches:
Dungeon (3/15)

Altars:


Message History

The water moccasin bites you! The hobgoblin closely misses you.
The adder closely misses you.
The water moccasin bites you but does no damage.
The hobgoblin closely misses you.
You closely miss the water moccasin.
The water moccasin is moderately wounded.
You barely miss the adder. You closely miss the hobgoblin. The adder bites you.
You are poisoned.
The adder poisons you!
The water moccasin bites you but does no damage.
The adder bites you. You block the water moccasin's attack.
The hobgoblin closely misses you.
You feel sick.
You see here a +0 morningstar.
You feel sick. The water moccasin bites you!
You are more poisoned.
The water moccasin poisons you! You block the adder's attack.
You feel very sick.
You feel sick.
The water moccasin bites you but does no damage.
You see here a jackal corpse.
You feel sick.
You feel very mighty all of a sudden.
You feel sick.
The water moccasin bites you but does no damage.
The water moccasin closely misses you.
It was a potion of haste.
You feel yourself speed up.
You feel sick. The water moccasin bites you.
* * * LOW HITPOINT WARNING * * *
You are lethally poisoned!
The water moccasin poisons you!
You slash the water moccasin!
The water moccasin is almost dead.
* * * LOW HITPOINT WARNING * * *
You feel very sick. The water moccasin bites you.
* * * LOW HITPOINT WARNING * * *
It was a potion of invisibility.
You fade into invisibility!
You die...

#.#.#......#
#.#........# #.
#.####.....# .#.
#..........# ..#.
#.####....##
#.### #..#
########..#$#
##.# ####...##.#
#.#####g..†###...
#...@SKS).†....8.
#######..†.###...
####...##.#
##..#$# #.###
..#. .#. #.


You could see a water moccasin, an adder, a hobgoblin and a kobold.

Vanquished Creatures
  Terence (D:2)
  3 adders
  A dart slug (D:3)
  A bat (D:1)
  4 endoplasms
  2 giant cockroaches (D:2)
  6 goblins
  2 hobgoblins (D:1)
  5 jackals
  2 quokkas
  4 ball pythons
  2 frilled lizards
  2 kobolds
  6 rats
41 creatures vanquished.

Notes
Turn   | Place    | Note
-------+----------+-------------------------------------------
     0 | D:1      | leviel the Hill Orc Fighter began the quest for the Orb.
     0 | D:1      | Reached XP level 1. HP: 19/19 MP: 1/1
   377 | D:1      | Reached XP level 2. HP: 27/27 MP: 2/2
   907 | D:2      | Reached XP level 3. HP: 33/33 MP: 3/3
   949 | D:2      | Noticed Terence
   954 | D:2      | Killed Terence
  1085 | D:2      | Reached XP level 4. HP: 36/40 MP: 4/4
  1729 | D:3      | Noticed a water moccasin
  1736 | D:3      | Reached skill level 1 in Throwing
  1745 | D:3      | HP: 2/41 [water moccasin (3)]
  1746 | D:3      | Succumbed to a water moccasin's poison

Illustrated notes

Levels and vault maps discovered:
D:1:      minmay_arrival_hallway, layout_basic
D:2:      layout_loops_cross, minmay_quadrilaterals, uniq_terence
D:3:      minmay_general_purpose_star, layout_basic,
          shapermc_ecumenical_altar_starsandcircs, uniq_grinder, uniq_sigmund

Skill      XL: |  1  2  3  4 |
---------------+-------------+-----
Axes           | 3 |  3.7
Fighting       | 4 |  4.3
Armour         | 4 |  4.0
Throwing       | 1 |  1.0
Shields        | 4 |  4.0

Action                   |  1- 3 |  4- 6 || total
-------------------------+-------+-------++-------
Melee: War axe           |    59 |    39 ||    98
  Use: Potion            |       |     3 ||     3
Armor: Scale mail        |    28 |    22 ||    50
Dodge: Dodged            |    21 |    30 ||    51
Block: Buckler           |    14 |    12 ||    26

Table legend: (Time is in decaauts)
 A = Elapsed time spent in this place.
 B = Non-inter-level travel time spent in this place.
 C = Inter-level travel time spent in this place.
 D = Time resting spent in this place.
 E = Time spent auto-exploring this place.
 F = Levels seen in this place.
 G = Mean time per level.
                   A        B        C        D        E       F      G
               +--------+--------+--------+--------+--------+-----+--------+
         Total |   1778 |   1709 |     69 |    105 |   1329 |   3 |  592.7 |
       Dungeon |   1778 |   1709 |     69 |    105 |   1329 |   3 |  592.7 |
               +--------+--------+--------+--------+--------+-----+--------+

Top non-repeatable levels by time:
     D:2: 859 daAuts
     D:1: 714 daAuts
     D:3: 204 daAuts
